 Dungeon Crawl Stone Soup version 0.28.0-45-g0d030f2227 (webtiles) character file.

Game seed: 17994474545718912919

6539 Ablot the Magician (level 11, -3/84 HPs)
             Began as a Gnoll Warper on Apr 4, 2022.
             Was an Elder of Okawaru.
             Slain by a two-headed ogre
             ... wielding a +0 giant club
              (16 damage)
             ... on level 9 of the Dungeon.
             The game lasted 00:30:03 (14261 turns).

Ablot the Magician (Gnoll Warper)                  Turns: 14261, Time: 00:30:03

Health: -3/84      AC: 15    Str: 15      XL:     11   Next: 1%
Magic:  22/22      EV: 13    Int: 12 (13) God:    Okawaru [****..]
Gold:   295        SH:  0    Dex: 11      Spells: 17/25 levels left

rFire   x . .      SeeInvis +   N - +3 quarterstaff (speed)
rCold   + + .      Faith    .   (shield currently unavailable)
rNeg    . . .      Spirit   .   S - +4 ring mail {rC+}
rPois   .          Reflect  .   (no helmet)
rElec   .          Harm     .   W - +0 cloak {Will+}
rCorr   .          Rampage  .   (no gloves)
Will    +....                   j - +2 pair of boots
Stlth   ++........              (no amulet)
HPRegen 0.24/turn               F - ring of see invisible
MPRegen 0.18/turn               Z - ring of ice

@: no status effects
A: fangs 1, strong nose, distributed training
a: Renounce Religion, Heroism, Finesse


You were on level 9 of the Dungeon.
You worshipped Okawaru.
Okawaru was greatly pleased with you.
You visited 2 branches of the dungeon, and saw 10 of its levels.
You also visited: Ossuary.

You collected 513 gold pieces.
You spent 218 gold pieces at shops.

Inventory:

Hand Weapons
 a - a +0 trident
 c - a +0 hand crossbow
 l - a +3 scimitar of flaming
 n - a +2 battleaxe of freezing
 v - a +0 whip of venom
 N - a +3 quarterstaff of speed (weapon)
Missiles
 d - 3 boomerangs of dispersal (quivered)
 f - 165 stones
 g - 106 arrows
 t - 3 boomerangs
 A - 113 bolts
 C - 52 sling bullets
 Q - 3 silver javelins
 V - a throwing net
 Y - a poisoned dart
Armour
 b - a +2 leather armour of fire resistance
 j - a +2 pair of boots (worn)
 S - a +4 ring mail of cold resistance (worn)
 W - a +0 cloak of willpower (worn)
Magical Staves
 T - a staff of fire
Jewellery
 F - a ring of see invisible (left hand)
 Z - a ring of ice (right hand)
Wands
 q - a wand of flame (8)
 G - a wand of iceblast (5)
 K - a wand of digging (5)
 R - a wand of mindburst (12)
Scrolls
 e - 2 scrolls of fog {unknown}
 h - 2 scrolls of vulnerability {unknown}
 k - 4 scrolls of immolation {unknown}
 m - 2 scrolls of enchant weapon {unknown}
 o - 5 scrolls of teleportation
 x - 2 scrolls of holy word {unknown}
 y - a scroll of fear {unknown}
 B - 3 scrolls of blinking
 D - 2 scrolls of amnesia
 I - a scroll of brand weapon {unknown}
 J - a scroll of noise {unknown}
 O - 3 scrolls of silence {unknown}
Potions
 i - 2 potions of haste
 p - a potion of curing
 r - a potion of mutation
 s - a potion of lignification
 u - a potion of might
 w - a potion of magic
 z - 2 potions of brilliance
 E - a potion of flight
 H - a potion of berserk rage
 L - a potion of cancellation {unknown}
 M - 3 potions of heal wounds
 P - a potion of invisibility {unknown}
 U - a potion of resistance


   Skills:
 + Level 7.5 Fighting
 + Level 5.8 Short Blades
 + Level 5.8 Long Blades
 + Level 5.8 Axes
 + Level 5.8 Maces & Flails
 + Level 7.5 Polearms
 + Level 5.8 Staves
 + Level 5.8 Slings
 + Level 5.8 Bows
 + Level 5.8 Crossbows
 + Level 6.4 Throwing
 + Level 6.4 Armour
 + Level 7.5 Dodging
 + Level 5.8 Stealth
 + Level 5.8 Shields
 + Level 5.8 Unarmed Combat
 + Level 7.7 Spellcasting
 + Level 4.8 Conjurations
 + Level 4.8 Hexes
 + Level 4.8 Summonings
 + Level 4.8 Necromancy
 + Level 7.4 Translocations
 + Level 4.8 Transmutations
 + Level 4.8 Fire Magic
 + Level 4.8 Ice Magic
 + Level 4.8 Air Magic
 + Level 4.8 Earth Magic
 + Level 4.8 Poison Magic
 + Level 6.4 Invocations
 + Level 5.8 Evocations


You had 17 spell levels left.
You knew the following spells:

 Your Spells              Type           Power      Damage    Failure   Level
a - Blink                 Tloc           44%        N/A       1%          2
b - Ensorcelled Hibernat  Hex/Ice        48%        N/A       5%          2
c - Passwall              Tmut/Erth      13%        N/A       5%          2
d - Poisonous Vapours     Pois/Air       32%        N/A       5%          2

Your spell library contained the following spells:

 Spells                   Type           Power      Damage    Failure   Level
 Magic Dart               Conj           64%        1d6       3%          1
 Gell's Gravitas          Tloc           22%        N/A       3%          3
 Lesser Beckoning         Tloc           22%        N/A       3%          3
 Teleport Other           Tloc           22%        N/A       3%          3
 Corpse Rot               Necr/Air       32%        N/A       5%          2
 Searing Ray              Conj           32%        2d5       5%          2
 Dazzling Flash           Conj/Hex       32%        N/A       11%         3
 Frozen Ramparts          Ice            48%        1d6       11%         3
 Mephitic Cloud           Conj/Pois/Air  16%        N/A       11%         3
 Swiftness                Air            16%        N/A       11%         3
 Manifold Assault         Tloc           22%        N/A       34%         5
 Fulminant Prism          Conj/Hex       8%         3d7       36%         4
 Agony                    Necr           16%        N/A       71%         5
 Silence                  Hex/Air        8%         N/A       71%         5
 Lehudib's Crystal Spear  Conj/Erth      8%         10d3      100%        8
 Polar Vortex             Ice            12%        N/A       100%        9
 Call Imp                 Summ           Unusable   N/A       N/A         2

Dungeon Overview and Level Annotations

Branches:
Dungeon (9/15)             Temple (1/1) D:6            Lair (0/6) D:9
    Orc (0/2) D:9         Ossuary (visited)

Altars:
Ashenzari
Cheibriados
Dithmenos
Elyvilon
Fedhas
Gozag
Hepliaklqana
Kikubaaqudgha
Makhleb
Nemelex Xobeh
Okawaru
Qazlal
Ru
Sif Muna
Trog
Uskayaw
Vehumet
Wu Jian
Xom
Yredelemnul
Zin
The Shining One

Shops:
D:5 *(*=:

Annotations:
D:3 2 transporters, exclusion: downstairs
D:4 2 transporters


Innate Abilities, Weirdness & Mutations

You have very sharp teeth.
Your uncanny sense of smell can sniff out nearby items.
Your experience applies equally to all skills.


Message History

Press: ? - help, Q - select action, (/) - cycle Shift-Dir - straight line, f/p - orc warrior
Aim: an orc warrior, wielding a +0 mace, wearing a +0 chain mail and quivering stones (heavily wounded, 60% to hit)
You throw a javelin.
The javelin pierces through the two-headed ogre.
The two-headed ogre is moderately wounded.
The javelin pierces through the two-headed ogre.
The two-headed ogre is lightly wounded.
The javelin pierces through the centaur!
The centaur is heavily wounded.
The javelin closely misses the orc warrior.
The two-headed ogre barely misses you. The two-headed ogre misses you.
Throw: javelin
Press: ? - help, Q - select action, (/) - cycle Shift-Dir - straight line, f/p - orc warrior
Aim: an orc warrior, wielding a +0 mace, wearing a +0 chain mail and quivering stones (heavily wounded, 60% to hit)
You throw a javelin.
The javelin pierces through the two-headed ogre!!
The two-headed ogre is severely wounded.
The javelin pierces through the centaur.
The centaur is heavily wounded.
The javelin closely misses the orc warrior.
The two-headed ogre hits you with a +0 giant club!!
The two-headed ogre hits you with a +0 giant spiked club!
The two-headed ogre closely misses you.
The two-headed ogre hits you with a +0 giant spiked club!!
* * * LOW HITPOINT WARNING * * *
The centaur wields a +0 shortbow.
The centaur shoots an arrow.
The arrow hits you but does no damage.
The centaur shoots an arrow.
The arrow closely misses you.
The centaur shoots an arrow.
The arrow closely misses you.
The centaur shoots an arrow.
The arrow barely misses you.
The centaur shoots an arrow.
The arrow hits you.
* * * LOW HITPOINT WARNING * * *
The centaur shoots an arrow.
The arrow closely misses you.
The orc warrior unwields a +0 mace.
The orc warrior wields a +0 hunting sling.
The orc warrior shoots a stone.
The stone hits you.
* * * LOW HITPOINT WARNING * * *
The two-headed ogre hits you but does no damage.
The two-headed ogre hits you with a +0 giant spiked club!
You die...

#.......##
#........## ∆
∆##........###
##..o.#....#
##...#...##
∆#.#.O..## #.#.....##
#..cO....##
#...@##...# ∆
∆#)[..##...# ##
##.##.#...## .##
##........## ..##∆
∆##...##....#
...#######)...###...#
...........#### #####
.........###
........##


You could see 2 two-headed ogres, an orc warrior and a centaur.

Vanquished Creatures
  Erica (D:8)
  Pikel (D:8)
  Joseph (D:8)
  Maurice (D:9)
  A hornet (D:8)
  A wyvern (D:8)
  Eustachio (D:4)
  3 yaks (D:9)
  2 water moccasins
  2 black bears
  2 sky beasts
  2 orc warriors
  2 ice beasts (D:5)
  A necrophage (D:6)
  2 ogres (D:5)
  3 centaurs
  A lemure (D:9)
  2 elf zombies (Ossuary)
  3 scorpions
  A gnoll sergeant (D:7)
  8 killer bees
  A water moccasin skeleton (D:6)
  4 wights (D:9)
  7 centaur zombies
  3 orc priests
  A hound (D:6)
  A gnoll shaman (D:8)
  A bullfrog skeleton (D:5)
  3 jellies
  3 centaur skeletons
  2 iguanas (D:7)
  9 orc wizards
  2 hound zombies (Ossuary)
  3 mummies (Ossuary)
  A howler monkey zombie (D:5)
  A howler monkey skeleton (D:7)
  6 adders
  13 gnolls
  2 white imps
  An ufetubus (D:7)
  2 adder zombies (Ossuary)
  A worm (D:3)
  A dart slug (D:3)
  17 orcs
  2 endoplasms
  6 giant cockroaches
  7 hobgoblins
  4 jackals (D:1)
  4 kobolds
  2 quokkas
  10 ball pythons
  9 bats
  14 frilled lizards
  3 goblins
  8 hobgoblin zombies (Ossuary)
  4 jackal zombies (Ossuary)
  5 kobold zombies (Ossuary)
  3 quokka zombies (Ossuary)
  7 rats
  4 rat zombies (Ossuary)
218 creatures vanquished.

Vanquished Creatures (others)
  13 fungi (D:5)
  2 plants (D:5)
15 creatures vanquished.

Grand Total: 233 creatures vanquished

Notes
Turn   | Place    | Note
-------+----------+-------------------------------------------
     0 | D:1      | Ablot the Gnoll Warper began the quest for the Orb.
     0 | D:1      | Reached XP level 1. HP: 20/20 MP: 6/6
   167 | D:1      | Reached XP level 2. HP: 24/26 MP: 7/7
   190 | D:1      | Learned a level 2 spell: Blink
   740 | D:1      | Reached XP level 3. HP: 21/31 MP: 9/9
  1127 | D:2      | Found a faded altar of an unknown god.
  1249 | D:2      | Reached skill level 5 in Spellcasting
  1921 | D:3      | Found a transporter.
  1962 | D:3      | Reached skill level 1 in Invocations
  2056 | D:3      | Reached skill level 1 in Short Blades
  2056 | D:3      | Reached skill level 1 in Long Blades
  2056 | D:3      | Reached skill level 1 in Axes
  2056 | D:3      | Reached skill level 1 in Maces & Flails
  2056 | D:3      | Reached skill level 1 in Staves
  2056 | D:3      | Reached skill level 1 in Slings
  2056 | D:3      | Reached skill level 1 in Bows
  2056 | D:3      | Reached skill level 1 in Crossbows
  2056 | D:3      | Reached skill level 1 in Stealth
  2056 | D:3      | Reached skill level 1 in Shields
  2056 | D:3      | Reached skill level 1 in Unarmed Combat
  2056 | D:3      | Reached skill level 1 in Evocations
  2056 | D:3      | Reached XP level 4. HP: 29/38 MP: 11/11
  2316 | D:3      | Found a transporter.
  2472 | D:3      | Reached skill level 1 in Conjurations
  2472 | D:3      | Reached skill level 1 in Hexes
  2472 | D:3      | Reached skill level 1 in Summonings
  2472 | D:3      | Reached skill level 1 in Necromancy
  2472 | D:3      | Reached skill level 1 in Transmutations
  2472 | D:3      | Reached skill level 1 in Fire Magic
  2472 | D:3      | Reached skill level 1 in Ice Magic
  2472 | D:3      | Reached skill level 1 in Air Magic
  2472 | D:3      | Reached skill level 1 in Earth Magic
  2472 | D:3      | Reached skill level 1 in Poison Magic
  2870 | D:4      | Found a sand-covered staircase.
  2876 | Ossuary  | Entered an ossuary
  2987 | Ossuary  | Reached XP level 5. HP: 43/43 MP: 12/12
  3149 | Ossuary  | Reached XP level 6. HP: 12/50 MP: 13/13
  3451 | Ossuary  | Reached skill level 5 in Fighting
  3451 | Ossuary  | Reached skill level 5 in Polearms
  3451 | Ossuary  | Reached skill level 5 in Dodging
  3685 | Ossuary  | Reached XP level 7. HP: 21/56 MP: 15/15
  4322 | D:4      | Found a transporter.
  4335 | D:4      | Learned a level 2 spell: Ensorcelled Hibernation
  4338 | D:4      | Learned a level 2 spell: Passwall
  4469 | D:4      | Noticed Eustachio
  4486 | D:4      | Killed Eustachio
  4546 | D:4      | Learned a level 2 spell: Poisonous Vapours
  4827 | D:4      | Found a transporter.
  5360 | D:5      | Entered Level 5 of the Dungeon
  5388 | D:5      | Reached XP level 8. HP: 37/63 MP: 16/16
  5520 | D:5      | Found Juiz's Weapon Shop.
  5555 | D:5      | Found Xeeb's Jewellery Emporium.
  5565 | D:5      | Bought a ring of see invisible for 165 gold pieces
  5661 | D:5      | Found Miecw's Assorted Antiques.
  5777 | D:5      | Bought a scroll labelled MODIWN SAAQAXU for 24 gold pieces
  5777 | D:5      | Bought a fuming orange potion for 21 gold pieces
  5886 | D:5      | Got the Tome of the Ashen Glacier
  6082 | D:5      | Found Xypiew's General Store.
  6089 | D:5      | Bought 2 poisoned darts for 8 gold pieces
  6644 | D:5      | Found Rozoimosee's Book Shoppe.
  6724 | D:5      | Found a basalt altar of Yredelemnul.
  7358 | D:6      | Found a staircase to the Ecumenical Temple.
  7365 | Temple   | Entered the Ecumenical Temple
  7570 | Temple   | Became a worshipper of Warmaster Okawaru
  7947 | D:6      | Reached XP level 9. HP: 53/69 MP: 18/18
  8095 | D:6      | Reached * piety under Okawaru
  9223 | D:7      | Reached skill level 5 in Throwing
  9223 | D:7      | Reached skill level 5 in Armour
  9635 | D:7      | Reached ** piety under Okawaru
  9867 | D:7      | Reached skill level 5 in Invocations
 10556 | D:8      | Noticed Erica
 10610 | D:8      | Killed Erica
 10611 | D:8      | Reached XP level 10. HP: 13/77 MP: 17/20
 11159 | D:8      | Reached skill level 5 in Short Blades
 11159 | D:8      | Reached skill level 5 in Long Blades
 11159 | D:8      | Reached skill level 5 in Axes
 11159 | D:8      | Reached skill level 5 in Maces & Flails
 11159 | D:8      | Reached skill level 5 in Staves
 11159 | D:8      | Reached skill level 5 in Slings
 11159 | D:8      | Reached skill level 5 in Bows
 11159 | D:8      | Reached skill level 5 in Crossbows
 11159 | D:8      | Reached skill level 5 in Stealth
 11159 | D:8      | Reached skill level 5 in Shields
 11159 | D:8      | Reached skill level 5 in Unarmed Combat
 11159 | D:8      | Reached skill level 5 in Evocations
 11398 | D:8      | Noticed Joseph
 11406 | D:8      | Killed Joseph
 12154 | D:8      | HP: 3/79 [water moccasin (5)]
 12166 | D:8      | Reached *** piety under Okawaru
 13273 | D:9      | Found a staircase to the Lair.
 13322 | D:9      | Found a staircase to the Orcish Mines.
 13355 | D:9      | Noticed Maurice
 13367 | D:9      | Killed Maurice
 13759 | D:9      | Noticed Pikel
 13851 | D:8      | Killed Pikel
 13851 | D:8      | Reached **** piety under Okawaru
 13851 | D:8      | Received a gift from Okawaru
 14032 | D:9      | Reached XP level 11. HP: 76/84 MP: 22/22
 14223 | D:9      | Noticed a two-headed ogre
 14236 | D:9      | Noticed a two-headed ogre
 14261 | D:9      | Slain by a two-headed ogre

Illustrated notes

Levels and vault maps discovered:
D:1:      amcnicky_arrival_underground_garden, layout_basic, minmay_surrounded
D:2:      layout_basic, ebering_ecumenical_altar_rust, chequers_jeans,
          minivault_25
D:3:      gammafunk_steamed_eel, layout_loops_ring
D:4:      gammafunk_cloud_chamber, layout_gridville, enter_ossuary_2,
          uniq_eustachio
D:5:      layout_rooms, mainiacjoe_overflow_brackets, serial_aquarium,
          aquarium_bridge_square [aquarium_subvault_bridge,
          aquarium_subvault_bridge, aquarium_subvault_window,
          aquarium_subvault_window], aquarium_bridge_long_separate
          [aquarium_subvault_window, aquarium_subvault_bridge,
          aquarium_subvault_wall, aquarium_subvault_bridge,
          aquarium_subvault_bridge, aquarium_subvault_balcony],
          aquarium_window_corner, aquarium_window_2, aquarium_view_2d,
          aquarium_pool_1, serial_shops, shop_fountains,
          nicolae_shop_overgrown_old_shop, shop,
          nicolae_shop_bloodbath_and_beyond, shop
D:6:      layout_rooms, minmay_temple_entry_stoned_glass, minmay_statues_item
D:7:      layout_rooms
D:8:      nicolae_cairo_tiling_large, layout_basic, dk_vineyard_1, minivault_27,
          uniq_joseph, uniq_erica
D:9:      minmay_the_grid_octo_tiled_octocenter [minmay_the_grid_octo_clover_2,
          minmay_the_grid_octo_fan_narrow, minmay_the_grid_octo_chip,
          minmay_the_grid_octo_clover, minmay_the_grid_octo_prize_big_c,
          minmay_the_grid_square_5x5_mess, minmay_the_grid_square_5x5_inner_i,
          minmay_the_grid_square_5x5_one_wall, minmay_the_grid_square_5x5_bite],
          layout_cave_pools, orc_0_dummy, uniq_pikel, uniq_maurice
Temple:   minmay_crystal_snake_temple

Skill      XL: |  1  2  3  4  5  6  7  8  9 10 |
---------------+-------------------------------+-----
Spellcasting   | 5 6 7 |  7.7
Invocations    | 1 2 3 4 5 6 |  6.4
Short Blades   | 1 2 3 4 5 |  5.8
Long Blades    | 1 2 3 4 5 |  5.8
Axes           | 1 2 3 4 5 |  5.8
Maces & Flails | 1 2 3 4 5 |  5.8
Staves         | 1 2 3 4 5 |  5.8
Slings         | 1 2 3 4 5 |  5.8
Bows           | 1 2 3 4 5 |  5.8
Crossbows      | 1 2 3 4 5 |  5.8
Stealth        | 1 2 3 4 5 |  5.8
Shields        | 1 2 3 4 5 |  5.8
Unarmed Combat | 1 2 3 4 5 |  5.8
Evocations     | 1 2 3 4 5 |  5.8
Conjurations   | 1 2 3 4 |  4.8
Hexes          | 1 2 3 4 |  4.8
Summonings     | 1 2 3 4 |  4.8
Necromancy     | 1 2 3 4 |  4.8
Transmutations | 1 2 3 4 |  4.8
Fire Magic     | 1 2 3 4 |  4.8
Ice Magic      | 1 2 3 4 |  4.8
Air Magic      | 1 2 3 4 |  4.8
Earth Magic    | 1 2 3 4 |  4.8
Poison Magic   | 1 2 3 4 |  4.8
Throwing       | 3 4 5 6 |  6.4
Armour         | 3 4 5 6 |  6.4
Fighting       | 5 6 7 |  7.5
Polearms       | 5 6 7 |  7.5
Dodging        | 5 6 7 |  7.5
Translocations | 6 7 |  7.4

Action                   |  1- 3 |  4- 6 |  7- 9 | 10-12 || total
-------------------------+-------+-------+-------+-------++-------
Melee: Spear             |   142 |   363 |   114 |       ||   619
       Bite              |    17 |    44 |    73 |    23 ||   157
       Punch             |     1 |     7 |    17 |     2 ||    27
       Whip              |       |       |   303 |    88 ||   391
       Trident           |       |       |    68 |       ||    68
       Quarterstaff      |       |       |       |   128 ||   128
Throw: Boomerang         |       |     8 |     6 |       ||    14
       Javelin           |       |       |     5 |    12 ||    17
       Dart              |       |       |    18 |     3 ||    21
 Cast: Poisonous Vapours |       |       |     6 |     6 ||    12
       Ensorcelled Hiber |       |       |     5 |     2 ||     7
       Blink             |       |       |     2 |     1 ||     3
       Passwall          |       |       |    12 |       ||    12
Invok: Heroism           |       |       |       |     3 ||     3
Evoke: Wand              |       |       |       |    14 ||    14
  Use: Potion            |       |       |     1 |     6 ||     7
       Scroll            |       |       |       |     7 ||     7
 Stab: Sleeping          |       |     2 |     6 |     1 ||     9
Armor: Leather armour    |    19 |   129 |   212 |    10 ||   370
       Ring mail         |       |       |       |    88 ||    88
Dodge: Dodged            |    66 |   172 |   363 |   148 ||   749
